 Dungeon Crawl Stone Soup version 0.21.0-25-ge575cb9 (webtiles) character file.

199 JeffiDaFish the Covered (level 5, -1/46 HPs)
             Began as a Minotaur Fighter on Jan 23, 2018.
             Succumbed to a kobold's poison
             ... on level 3 of the Dungeon.
             The game lasted 00:05:53 (1952 turns).

JeffiDaFish the Covered (Minotaur Fighter)          Turns: 1952, Time: 00:05:54

Health: -1/46      AC:  7    Str: 23 (24) XL:     5   Next: 48%
Magic:  4/4        EV:  8    Int:  3 (5)  God:
Gold:   153        SH: 11    Dex: 10      Spells: 4/4 levels left

rFire    . . .     SeeInvis .   a - +0 war axe
rCold    . . .     Gourm    .   c - +1 shield
rNeg     . . .     Faith    .   b - +0 scale mail
rPois    .         Spirit   .   (helmet unavailable)
rElec    +         Reflect  .   (no cloak)
rCorr    .         Harm     .   (no gloves)
MR       .....                  (no boots)
Stlth    ..........             (no amulet)
HPRegen  0.15/turn              e - -2 ring of strength
MPRegen  0.09/turn              (no ring)

@: mighty, lethally poisoned (-1 -> -12)
A: retaliatory headbutt, horns 3, electricity resistance
a: no special abilities


You were on level 3 of the Dungeon.
You were hungry.

You visited 1 branch of the dungeon, and saw 3 of its levels.

You collected 153 gold pieces.

Inventory:

Hand Weapons
 a - a +0 war axe (weapon)
Armour
 b - a +0 scale mail (worn)
 c - a +1 shield (worn)
Jewellery
 e - a -2 ring of strength (left hand)
Scrolls
 g - a scroll of teleportation
 h - a scroll of identify
 i - a scroll of enchant armour
Potions
 d - a potion of might
Comestibles
 f - 3 rations
 j - 10 chunks of flesh


   Skills:
 + Level 4.3 Fighting
 + Level 4.7 Axes
 + Level 4.8 Armour
 + Level 0.6 Dodging
 + Level 4.7 Shields


You had 4 spell levels left.
You didn't know any spells.

Dungeon Overview and Level Annotations

Branches:
Dungeon (3/15)

Altars:


Innate Abilities, Weirdness & Mutations

You reflexively headbutt those who attack you in melee.
You have a pair of large horns on your head.
You are resistant to electric shocks. (rElec)


Message History

You feel sick. The dart slug barely misses you.
Items here: ))) [[ ††† You hit the dart slug.
Your headbutt misses the dart slug.
The dart slug is severely wounded.
* * * LOW HITPOINT WARNING * * *
You feel sick.
The kobold shoots a poisoned needle.
The poisoned needle hits you!
You are more poisoned.
The dart slug closely misses you.
You slice the dart slug!!
You kill the dart slug!
* * * LOW HITPOINT WARNING * * *
You feel sick.
The kobold unwields an uncursed blowgun.
The kobold wields an uncursed short sword.
You block the kobold's attack.
You slice the kobold!!
You kill the kobold!
You slash the orc wizard!
You die...

### ## # ....... ##>.
.........# #o. ###.#.#.#
#.###o# .<.....# #.#)# .
#.#...####.@####ow%w
#####....(.....$ow.w....
.........#####.#####....
##...).####.....# .
###.........#..##.#
.........().#..##.#
..................#
####.....##.#####.#
#.....##.# ...


You could see 2 worms, an orc wizard and 2 orcs.

Vanquished Creatures
  A hound (D:3)
  2 orc priests (D:3)
  Robin (D:3)
  2 adders (D:2)
  2 worms
  2 dart slugs
  A leopard gecko (D:1)
  3 orcs (D:3)
  4 giant cockroaches
  12 goblins
  9 hobgoblins
  7 jackals
  7 kobolds
  2 quokkas
  6 bats
  A frilled lizard (D:3)
  6 rats
68 creatures vanquished.

Notes
Turn   | Place    | Note
-------+----------+-------------------------------------------
     0 | D:1      | JeffiDaFish the Minotaur Fighter began the quest for the Orb.
     0 | D:1      | Reached XP level 1. HP: 19/19 MP: 0/0
   225 | D:1      | Reached XP level 2. HP: 25/27 MP: 1/1
   774 | D:2      | Reached XP level 3. HP: 30/33 MP: 2/2
  1685 | D:3      | Noticed Robin
  1691 | D:3      | Reached XP level 4. HP: 37/40 MP: 3/3
  1697 | D:3      | Killed Robin
  1938 | D:3      | Reached XP level 5. HP: 12/46 MP: 4/4
  1945 | D:3      | Gained mutation: You have a pair of large horns on your head. [potion of mutation]
  1945 | D:3      | Gained mutation: You are resistant to electric shocks. (rElec) [potion of mutation]
  1950 | D:3      | HP: 2/46 [poisoned by a kobold]
  1952 | D:3      | Succumbed to a kobold's poison

Skill      XL: |  1  2  3  4 |
---------------+-------------+-----
Shields        | 4 |  4.7
Armour         | 4 |  4.8
Axes           | 3 4 |  4.7
Fighting       | 4 |  4.3
Dodging        | |  0.6

Action                   |  1- 3 |  4- 6 || total
-------------------------+-------+-------++-------
Melee: War axe           |   112 |    60 ||   172
       Headbutt          |     6 |     7 ||    13
  Use: Scroll            |     5 |       ||     5
       Potion            |     8 |     2 ||    10
  Eat: Chunk             |     3 |       ||     3
Armor: Scale mail        |    58 |    17 ||    75
Dodge: Dodged            |    37 |    14 ||    51
Block: Shield            |    57 |    23 ||    80
